FLORIDA Panthers vs NEW JERSEY Devils

Created - 29 mars 2024 at 10:18

Goals
1 2 3 OT1 T
FLORIDA Panthers 2 1 0 0 3
NEW JERSEY Devils 1 1 1 1 4
Shots
1 2 3 OT1 T
FLORIDA Panthers 14 9 11 1 35
NEW JERSEY Devils 6 9 9 4 28

1st period

1. FLORIDA Panthers , Eetu Luostarinen 13 (Brandon Saad 15, Adam Henrique 13) at 11:58
2. FLORIDA Panthers , Brock Nelson 20 (Steven Stamkos 35) at 15:21
3. NEW JERSEY Devils , James van Riemsdyk 7 (Kyle Okposo 26, Adam Boqvist 37) at 16:14

Penalties :
Bowen Byram (NJD) for Roughing (Minor) at 0:05, Kyle Okposo (NJD) for Roughing (Minor) at 3:39, Miles Wood (NJD) for Tripping (Minor) at 6:18, Gabriel Landeskog (NJD) for Cross-checking (Minor) at 9:10

2nd period

4. FLORIDA Panthers , Josh Morrissey 16 (Ryan McDonagh 28, Carter Verhaeghe 12) at 7:08
5. NEW JERSEY Devils , Ryan Graves 16 (Jack Hughes 34) at 7:36 (PP)

Penalties :
Eetu Luostarinen (FLO) for Interference (Minor) at 4:23, Matthew Tkachuk (FLO) for Tripping (Minor) at 7:24, Bowen Byram (NJD) for Interference (Minor) at 8:23, Gabriel Landeskog (NJD) for Cross-checking (Minor) at 11:16, Matthew Tkachuk (FLO) for Tripping (Minor) at 14:40

3rd period

6. NEW JERSEY Devils , Jack Hughes 32 (Ryan Graves 34, Kyle Okposo 27) at 7:59 (PP)

Penalties :
Ryan Graves (NJD) for Slashing (Minor) at 2:18, Ryan Graves (NJD) for Tripping (Minor) at 4:28, Matthew Tkachuk (FLO) for Delaying the game (Minor) at 7:33

Overtime #1

7. NEW JERSEY Devils , Andreas Athanasiou 18 (Jack Hughes 35) at 3:07

Penalties :
No Penalty

Goalie Stats

Darcy Kuemper (FLO), 24 saves from 28 shots - (0,857), OTL, 29-25-9, 63:08 minutes
Jake Allen (NJD), 32 saves from 35 shots - (0,914), W, 21-18-1, 63:08 minutes

Players Stats for FLORIDA Panthers

Player Name              G  A  P  +/- PIM S  H  SB GA TA FO     MP     PP MP  PK MP  
------------------------------------------------------------------------------------
Adam Henrique            0  1  1   1  0   0  0  1  0  0  14/24  16:02   7:10   0:07 
Brady Skjei              0  0  0   0  0   2  2  1  0  0  0/0    22:45   7:02   1:58 
Brandon Saad             0  1  1   1  0   3  1  0  0  0  0/1     8:45   0:00   0:00 
Brock Nelson             1  0  1  -1  0   3  0  0  0  0  1/4    25:21   7:43   1:50 
Carter Verhaeghe         0  1  1   1  0   3  0  0  0  0  1/2    19:55   8:09   0:00 
Connor Murphy            0  0  0  -1  0   2  1  0  0  0  0/0    21:36   6:06   2:30 
Derek Grant              0  0  0   0  0   0  0  0  0  0  2/4     5:13   0:00   0:00 
Dougie Hamilton          0  0  0   0  0   0  0  1  0  0  0/0    19:59   9:13   0:24 
Eetu Luostarinen         1  0  1   0  2   4  1  0  0  0  0/0    11:26   0:00   1:57 
Jake Walman              0  0  0   0  0   1  0  2  0  0  0/0    12:47   0:45   2:18 
Jordan Martinook         0  0  0   0  0   3  0  0  0  0  0/0     8:28   0:00   1:36 
Josh Morrissey           1  0  1   2  0   4  1  1  0  0  0/0    24:41   8:38   0:00 
Matthew Tkachuk          0  0  0   0  6   3  4  0  0  0  1/1    21:54   8:09   0:00 
Ryan McDonagh            0  1  1   2  0   1  2  0  0  0  0/0    21:20   0:00   2:02 
Ryan McLeod              0  0  0   0  0   0  0  0  0  0  0/0     5:13   0:00   0:00 
Steven Stamkos           0  1  1   0  0   2  1  1  0  0  21/31  22:49   8:09   0:49 
Vincent Trocheck         0  0  0   1  0   4  2  0  0  0  14/21  24:11   7:43   2:53 
Yegor Sharangovich       0  0  0   1  0   0  1  0  0  0  1/1    12:19   0:33   0:00 

Players Stats for NEW JERSEY Devils

Player Name              G  A  P  +/- PIM S  H  SB GA TA FO     MP     PP MP  PK MP  
------------------------------------------------------------------------------------
Adam Boqvist             0  1  1   0  0   2  0  2  0  0  0/0    26:47   1:43   8:24 
Alexander Petrovic       0  0  0  -1  0   0  5  0  0  0  0/0    17:07   1:43   3:32 
Andreas Athanasiou       1  0  1  -1  0   3  1  0  0  0  1/3    16:36   1:43   0:14 
Bowen Byram              0  0  0   0  4   1  1  1  0  0  0/0    23:22   2:53   6:17 
Chris Wideman            0  0  0   0  0   1  3  1  0  0  0/0    21:38   0:00   7:08 
Connor Brown             0  0  0   0  0   1  0  0  0  0  0/0     4:42   0:00   0:00 
Gabriel Landeskog        0  0  0   0  4   0  0  0  0  0  1/2     4:40   0:00   0:00 
J.T. Compher             0  0  0  -2  0   2  2  1  0  0  8/17   15:39   0:00   0:00 
Jack Hughes              1  2  3   2  0   8  0  0  0  0  15/38  25:48   2:53   8:37 
Jake Bean                0  0  0  -1  0   1  0  1  0  0  0/0    10:38   0:00   0:00 
James van Riemsdyk       1  0  1   1  0   2  1  0  0  0  0/1    22:58   2:53   6:51 
Joel Armia               0  0  0  -1  0   0  0  0  0  0  0/1    13:41   1:43   1:53 
Kyle Okposo              0  2  2   1  2   1  1  0  0  0  0/2    23:24   2:53   7:18 
Miles Wood               0  0  0   0  2   0  1  0  0  0  3/5     4:41   0:00   0:00 
Oskar Lindblom           0  0  0  -1  0   1  1  0  0  0  1/7    16:35   1:43   6:51 
Ryan Donato              0  0  0  -1  0   3  0  0  0  0  5/13    8:01   0:00   0:00 
Ryan Graves              1  1  2  -1  4   2  3  2  0  0  0/0    23:32   2:53   6:23 
Thomas Novak             0  0  0  -2  0   0  0  0  0  0  0/0    13:35   0:00   0:00 

3 Stars

1 - Jack Hughes (NJD)
2 - Josh Morrissey (FLO)
3 - James van Riemsdyk (NJD)

Power Play

FLORIDA Panthers - 0 on 8 Attempt(s) - 0,00%
NEW JERSEY Devils - 2 on 4 Attempt(s) - 50,00%

Penalty Kill

FLORIDA Panthers - 2 on 4 Attempt(s) - 50,00% - Score 0 goal in Penalty Kill
NEW JERSEY Devils - 8 on 8 Attempt(s) - 100,00% - Score 0 goal in Penalty Kill

Team Stat

FLORIDA Panthers - Hits : 16 - Faceoff Wins : 55 - Blocked Shots : 7 - Penalty Minutes : 8
NEW JERSEY Devils - Hits : 19 - Faceoff Wins : 34 - Blocked Shots : 8 - Penalty Minutes : 16

Official

Referees : Eric Furlatt and Beaudry Halkidis
Linesman : Greg Devorski and Julia Kainberger

Game Notes

No Game Note

Finance

Level 1 -- Attendance: 4629 (66,13%) -- Ticket Income $462,900
Level 2 -- Attendance: 4850 (69,29%) -- Ticket Income $261,900
Level 3 -- Attendance: 3010 (60,20%) -- Ticket Income $63,210
Level 4 -- Attendance: 3858 (77,16%) -- Ticket Income $77,160
Luxury Box -- Attendance: 988 (82,33%) -- Ticket Income $167,960
Game was played at the Prudential Center.
Total Attendance: 17335 (68,79%)
Total Ticket Income: $1,033,130
Other Income: $258,282
Total Income: $1,291,412

FLORIDA Panthers

5 vs 5 Forward 
   Center                   Left Wing                Right Wing               Time % Phy DF OF 
 1 Steven Stamkos           Brock Nelson             Matthew Tkachuk          40     1   2  2  
 2 Vincent Trocheck         Carter Verhaeghe         Yegor Sharangovich       30     1   1  3  
 3 Adam Henrique            Eetu Luostarinen         Brandon Saad             20     1   1  3  
 4 Derek Grant              Ryan McLeod              Jordan Martinook         10     1   2  2  

5 vs 5 Defense 
   Defense                  Defense                                           Time % Phy DF OF 
 1 Josh Morrissey           Ryan McDonagh                                     40     1   2  2  
 2 Connor Murphy            Brady Skjei                                       30     1   2  2  
 3 Dougie Hamilton          Jake Walman                                       20     1   2  2  
 4 Brady Skjei              Ryan McDonagh                                     10     1   2  2  

PowerPlay Forward 
   Center                   Left Wing                Right Wing               Time % Phy DF OF 
 1 Steven Stamkos           Carter Verhaeghe         Matthew Tkachuk          60     1   1  3  
 2 Adam Henrique            Brock Nelson             Vincent Trocheck         40     1   1  3  

PowerPlay Defense
   Defense                  Defense                                           Time % Phy DF OF 
 1 Josh Morrissey           Dougie Hamilton                                   70     1   1  3  
 2 Brady Skjei              Dougie Hamilton                                   30     1   1  3  

Penalty Kill 4 Players Forward 
   Center                   Wing                     Time % Phy DF OF 
 1 Vincent Trocheck         Eetu Luostarinen         60     0   4  1  
 2 Brock Nelson             Jordan Martinook         40     0   5  0  

Penalty Kill 4 Players Defense
   Defense                  Defense                  Time % Phy DF OF 
 1 Ryan McDonagh            Connor Murphy            60     1   3  1  
 2 Brady Skjei              Jake Walman              40     1   3  1  

Penalty Kill - 3 Players Forward 
   Forward                                           Time % Phy DF OF 
 1 Eetu Luostarinen                                  60     0   5  0  
 2 Yegor Sharangovich                                40     0   5  0  

Penalty Kill - 3 Players Defense
   Defense                  Defense                  Time % Phy DF OF 
 1 Connor Murphy            Ryan McDonagh            60     1   4  0  
 2 Brady Skjei              Jake Walman              40     1   4  0  

4 vs 4 Forward 
   Center                   Wing                     Time % Phy DF OF 
 1 Steven Stamkos           Matthew Tkachuk          60     1   2  2  
 2 Vincent Trocheck         Brock Nelson             40     1   2  2  

4 vs 4 Defense
   Defense                  Defense                  Time % Phy DF OF 
 1 Josh Morrissey           Ryan McDonagh            60     1   2  2  
 2 Brady Skjei              Connor Murphy            40     1   2  2  

Last Minutes Offensive
   Center                   Left Wing                Right Wing               Defense                  Defense                  
   Steven Stamkos           Carter Verhaeghe         Matthew Tkachuk          Josh Morrissey           Dougie Hamilton          

Last Minutes Defensive
   Center                   Left Wing                Right Wing               Defense                  Defense                  
   Vincent Trocheck         Brock Nelson             Brandon Saad             Ryan McDonagh            Connor Murphy            

Goaltenders
Starting : Darcy Kuemper            
Backup : Cayden Primeau           

Extra Forwards
Normal : Steven Stamkos, Matthew Tkachuk, Carter Verhaeghe - PP : Adam Henrique, Yegor Sharangovich - PK : Eetu Luostarinen
Extra Defensemen
Normal : Brady Skjei, Connor Murphy, Ryan McDonagh - PP : Dougie Hamilton - PK : Ryan McDonagh, Connor Murphy
Penalty Shots
Steven Stamkos, Matthew Tkachuk, Brock Nelson, Carter Verhaeghe, Vincent Trocheck

Scratches
None

NEW JERSEY Devils

5 vs 5 Forward 
   Center                   Left Wing                Right Wing               Time % Phy DF OF 
 1 Jack Hughes              James van Riemsdyk       Kyle Okposo              40     1   2  2  
 2 J.T. Compher             Thomas Novak             Andreas Athanasiou       30     1   2  2  
 3 Ryan Donato              Oskar Lindblom           Joel Armia               20     1   2  2  
 4 Miles Wood               Gabriel Landeskog        Connor Brown             10     1   2  2  

5 vs 5 Defense 
   Defense                  Defense                                           Time % Phy DF OF 
 1 Adam Boqvist             Bowen Byram                                       40     2   2  1  
 2 Chris Wideman            Ryan Graves                                       30     2   2  1  
 3 Jake Bean                Alexander Petrovic                                20     2   2  1  
 4 Ryan Graves              Alexander Petrovic                                10     1   2  2  

PowerPlay Forward 
   Center                   Left Wing                Right Wing               Time % Phy DF OF 
 1 Jack Hughes              James van Riemsdyk       Kyle Okposo              60     1   2  2  
 2 Oskar Lindblom           Joel Armia               Andreas Athanasiou       40     1   2  2  

PowerPlay Defense
   Defense                  Defense                                           Time % Phy DF OF 
 1 Ryan Graves              Bowen Byram                                       60     1   2  2  
 2 Adam Boqvist             Alexander Petrovic                                40     1   2  2  

Penalty Kill 4 Players Forward 
   Center                   Wing                     Time % Phy DF OF 
 1 Jack Hughes              Kyle Okposo              60     1   2  2  
 2 Oskar Lindblom           James van Riemsdyk       40     1   2  2  

Penalty Kill 4 Players Defense
   Defense                  Defense                  Time % Phy DF OF 
 1 Ryan Graves              Bowen Byram              60     1   2  2  
 2 Adam Boqvist             Chris Wideman            40     1   2  2  

Penalty Kill - 3 Players Forward 
   Forward                                           Time % Phy DF OF 
 1 Jack Hughes                                       60     1   2  2  
 2 Kyle Okposo                                       40     1   2  2  

Penalty Kill - 3 Players Defense
   Defense                  Defense                  Time % Phy DF OF 
 1 Ryan Graves              Bowen Byram              60     1   2  2  
 2 Adam Boqvist             Chris Wideman            40     1   2  2  

4 vs 4 Forward 
   Center                   Wing                     Time % Phy DF OF 
 1 Jack Hughes              Kyle Okposo              60     1   2  2  
 2 Andreas Athanasiou       James van Riemsdyk       40     1   2  2  

4 vs 4 Defense
   Defense                  Defense                  Time % Phy DF OF 
 1 Ryan Graves              Bowen Byram              60     1   2  2  
 2 Adam Boqvist             Alexander Petrovic       40     1   2  2  

Last Minutes Offensive
   Center                   Left Wing                Right Wing               Defense                  Defense                  
   Jack Hughes              James van Riemsdyk       Kyle Okposo              Ryan Graves              Bowen Byram              

Last Minutes Defensive
   Center                   Left Wing                Right Wing               Defense                  Defense                  
   Jack Hughes              James van Riemsdyk       Kyle Okposo              Ryan Graves              Bowen Byram              

Goaltenders
Starting : Jake Allen               
Backup : Antti Raanta             

Extra Forwards
Normal : Jack Hughes, Oskar Lindblom, Joel Armia - PP : Kyle Okposo, Oskar Lindblom - PK : Joel Armia
Extra Defensemen
Normal : Chris Wideman, Alexander Petrovic, Adam Boqvist - PP : Chris Wideman - PK : Alexander Petrovic, Adam Boqvist
Penalty Shots
Jack Hughes, Kyle Okposo, Joel Armia, James van Riemsdyk, Oskar Lindblom

Scratches
Dustin Tokarski (Healthy)

% Time on Ice - FLORIDA Panthers

Lines # - Real PCT - Wanted PCT - Time Play
Normal Forward
1 - 35% - 40% - 13:48
2 - 30% - 30% - 11:46
3 - 22% - 20% - 8:45
4 - 13% - 10% - 5:13
Normal Defense
1 - 42% - 40% - 16:33
2 - 28% - 30% - 11:00
3 - 23% - 20% - 9:14
4 - 7% - 10% - 2:45
PP Forward
1 - 51% - 60% - 8:09
2 - 49% - 40% - 7:43
PP Defense
1 - 56% - 70% - 8:50
2 - 44% - 30% - 7:02
PK Forward
1 - 86% - 60% - 3:56
2 - 14% - 40% - 0:40
PK Defense
1 - 50% - 60% - 2:18
2 - 50% - 40% - 2:18
PK3 Forward
1 - 0% - 60%
2 - 0% - 40%
PK3 Defense
1 - 0% - 60%
2 - 0% - 40%
44 Forward
1 - 0% - 60%
2 - 0% - 40%
44 Defense
1 - 0% - 60%
2 - 0% - 40%
Last Minute Offensive  - 0:00
Last Minute Defensive  - 0:00
Total
Forward - 60:00
Defense - 60:00

% Time on Ice - NEW JERSEY Devils

Lines # - Real PCT - Wanted PCT - Time Play
Normal Forward
1 - 33% - 40% - 13:14
2 - 34% - 30% - 13:35
3 - 20% - 20% - 8:01
4 - 12% - 10% - 4:42
Normal Defense
1 - 36% - 40% - 14:14
2 - 34% - 30% - 13:26
3 - 27% - 20% - 10:38
4 - 3% - 10% - 1:14
PP Forward
1 - 63% - 60% - 2:53
2 - 37% - 40% - 1:43
PP Defense
1 - 63% - 60% - 2:53
2 - 37% - 40% - 1:43
PK Forward
1 - 57% - 60% - 9:01
2 - 43% - 40% - 6:51
PK Defense
1 - 63% - 60% - 9:57
2 - 37% - 40% - 5:55
PK3 Forward
1 - 0% - 60%
2 - 0% - 40%
PK3 Defense
1 - 0% - 60%
2 - 0% - 40%
44 Forward
1 - 0% - 60%
2 - 0% - 40%
44 Defense
1 - 0% - 60%
2 - 0% - 40%
Last Minute Offensive  - 0:00
Last Minute Defensive  - 0:00
Total
Forward - 60:00
Defense - 60:00

Play-by-Play

1st period


0:01 of 1st period - Steven Stamkos wins face-off versus Jack Hughes in neutral zone.
0:05 of 1st period - Minor Penalty to Bowen Byram for Roughing.
0:06 of 1st period - Steven Stamkos wins face-off versus Jack Hughes in NEW JERSEY Devils zone.
0:06 of 1st period - Steven Stamkos is hit by Ryan Graves.
0:32 of 1st period - Shot by Josh Morrissey.
0:32 of 1st period - Deflect By Matthew Tkachuk.
0:32 of 1st period - Shot Misses the Net.
2:14 of 1st period - Shot by Jordan Martinook.
2:14 of 1st period - Stopped by Jake Allen without a rebound.
2:15 of 1st period - J.T. Compher wins face-off versus Derek Grant in NEW JERSEY Devils zone.
2:24 of 1st period - Shot by Jordan Martinook.
2:24 of 1st period - Shot Blocked by J.T. Compher.
2:32 of 1st period - Shot by Josh Morrissey.
2:32 of 1st period - Stopped by Jake Allen without a rebound.
2:33 of 1st period - Ryan Donato wins face-off versus Adam Henrique in NEW JERSEY Devils zone.
3:39 of 1st period - Minor Penalty to Kyle Okposo for Roughing.
3:40 of 1st period - Steven Stamkos wins face-off versus Joel Armia in NEW JERSEY Devils zone.
4:18 of 1st period - Matthew Tkachuk is hit by Bowen Byram and loses puck.
5:00 of 1st period - Shot by Brady Skjei.
5:00 of 1st period - Shot Hit the Post.
5:02 of 1st period - Shot by Brady Skjei.
5:02 of 1st period - Stopped by Jake Allen without a rebound.
5:03 of 1st period - Adam Henrique wins face-off versus Oskar Lindblom in NEW JERSEY Devils zone.
5:45 of 1st period - Derek Grant is hit by J.T. Compher and loses puck.
5:56 of 1st period - Shot by J.T. Compher.
5:56 of 1st period - Stopped by Darcy Kuemper without a rebound.
5:57 of 1st period - Miles Wood wins face-off versus Derek Grant in FLORIDA Panthers zone.
5:57 of 1st period - Miles Wood is hit by Brady Skjei.
6:18 of 1st period - Minor Penalty to Miles Wood for Tripping.
6:19 of 1st period - Steven Stamkos wins face-off versus Oskar Lindblom in NEW JERSEY Devils zone.
6:48 of 1st period - Shot by Steven Stamkos.
6:48 of 1st period - Stopped by Jake Allen with a rebound.
6:50 of 1st period - Shot by Josh Morrissey.
6:50 of 1st period - Stopped by Jake Allen without a rebound.
6:51 of 1st period - Adam Henrique wins face-off versus Oskar Lindblom in NEW JERSEY Devils zone.
9:10 of 1st period - Minor Penalty to Gabriel Landeskog for Cross-checking.
9:11 of 1st period - Jack Hughes wins face-off versus Adam Henrique in NEW JERSEY Devils zone.
9:32 of 1st period - Shot by Brock Nelson.
9:32 of 1st period - Shot Blocked by Bowen Byram.
11:22 of 1st period - Ryan McLeod is hit by Alexander Petrovic and loses puck.
11:29 of 1st period - Shot by Jordan Martinook.
11:29 of 1st period - Stopped by Jake Allen without a rebound.
11:30 of 1st period - J.T. Compher wins face-off versus Adam Henrique in NEW JERSEY Devils zone.
11:39 of 1st period - Brandon Saad is hit by Andreas Athanasiou and loses puck.
11:52 of 1st period - Shot by Eetu Luostarinen.
11:52 of 1st period - Shot Misses the Net.
11:54 of 1st period - Shot by Adam Henrique.
11:54 of 1st period - Shot Blocked by Adam Boqvist.
11:56 of 1st period - Shot by Brandon Saad.
11:56 of 1st period - Shot Misses the Net.
11:58 of 1st period - Shot by Eetu Luostarinen.
11:58 of 1st period - Goal by Eetu Luostarinen - FLORIDA Panthers : 1 - NEW JERSEY Devils : 0.
11:59 of 1st period - Jack Hughes wins face-off versus Vincent Trocheck in neutral zone.
12:22 of 1st period - Shot by Kyle Okposo.
12:22 of 1st period - Stopped by Darcy Kuemper without a rebound.
12:23 of 1st period - Ryan Donato wins face-off versus Steven Stamkos in FLORIDA Panthers zone.
12:35 of 1st period - Joel Armia is hit by Brady Skjei and loses puck.
13:41 of 1st period - Icing by Josh Morrissey.
13:42 of 1st period - J.T. Compher wins face-off versus Carter Verhaeghe in FLORIDA Panthers zone.
13:49 of 1st period - Shot by J.T. Compher.
13:49 of 1st period - Shot Misses the Net.
13:54 of 1st period - Carter Verhaeghe is hit by Alexander Petrovic and loses puck.
14:06 of 1st period - Yegor Sharangovich is hit by Alexander Petrovic and loses puck.
14:13 of 1st period - Shot by Vincent Trocheck.
14:13 of 1st period - Shot Misses the Net.
14:15 of 1st period - Shot by Yegor Sharangovich.
14:15 of 1st period - Deflect By Carter Verhaeghe.
14:15 of 1st period - Stopped by Jake Allen with a rebound.
14:20 of 1st period - Carter Verhaeghe is hit by Alexander Petrovic and loses puck.
14:38 of 1st period - Icing by Eetu Luostarinen.
14:39 of 1st period - Jack Hughes wins face-off versus Adam Henrique in FLORIDA Panthers zone.
14:52 of 1st period - Bowen Byram is hit by Brandon Saad and loses puck.
15:03 of 1st period - Shot by Jack Hughes.
15:03 of 1st period - Shot Blocked by Jake Walman.
15:09 of 1st period - Shot by Jack Hughes.
15:09 of 1st period - Stopped by Darcy Kuemper without a rebound.
15:10 of 1st period - Steven Stamkos wins face-off versus Ryan Donato in FLORIDA Panthers zone.
15:19 of 1st period - Shot by Steven Stamkos.
15:19 of 1st period - Shot Misses the Net.
15:21 of 1st period - Shot by Brock Nelson.
15:21 of 1st period - Goal by Brock Nelson - FLORIDA Panthers : 2 - NEW JERSEY Devils : 0.
15:22 of 1st period - Yegor Sharangovich wins face-off versus Miles Wood in neutral zone.
15:22 of 1st period - Yegor Sharangovich is hit by Miles Wood.
15:28 of 1st period - Connor Brown is hit by Yegor Sharangovich.
15:36 of 1st period - Shot by Gabriel Landeskog.
15:36 of 1st period - Shot Misses the Net.
15:45 of 1st period - Josh Morrissey is hit by Ryan Graves and loses puck.
15:50 of 1st period - Shot by Carter Verhaeghe.
15:50 of 1st period - Shot Misses the Net.
15:52 of 1st period - Shot by Carter Verhaeghe.
15:52 of 1st period - Stopped by Jake Allen without a rebound.
15:53 of 1st period - Jack Hughes wins face-off versus Steven Stamkos in NEW JERSEY Devils zone.
16:02 of 1st period - Shot by Steven Stamkos.
16:02 of 1st period - Stopped by Jake Allen without a rebound.
16:03 of 1st period - Jack Hughes wins face-off versus Steven Stamkos in NEW JERSEY Devils zone.
16:14 of 1st period - Shot by Kyle Okposo.
16:14 of 1st period - Deflect By James van Riemsdyk.
16:14 of 1st period - Goal by James van Riemsdyk - FLORIDA Panthers : 2 - NEW JERSEY Devils : 1.
16:15 of 1st period - Vincent Trocheck wins face-off versus J.T. Compher in neutral zone.
16:30 of 1st period - Shot by Carter Verhaeghe.
16:30 of 1st period - Deflect By Vincent Trocheck.
16:30 of 1st period - Shot Misses the Net.
16:35 of 1st period - Yegor Sharangovich is hit by Chris Wideman and loses puck.
17:09 of 1st period - J.T. Compher is hit by Connor Murphy and loses puck.
17:30 of 1st period - Shot by Matthew Tkachuk.
17:30 of 1st period - Stopped by Jake Allen without a rebound.
17:31 of 1st period - Adam Henrique wins face-off versus Jack Hughes in NEW JERSEY Devils zone.
17:38 of 1st period - Shot by Eetu Luostarinen.
17:38 of 1st period - Stopped by Jake Allen without a rebound.
17:39 of 1st period - Adam Henrique wins face-off versus James van Riemsdyk in NEW JERSEY Devils zone.
17:55 of 1st period - Shot by Eetu Luostarinen.
17:55 of 1st period - Stopped by Jake Allen without a rebound.
17:56 of 1st period - Ryan Donato wins face-off versus Steven Stamkos in NEW JERSEY Devils zone.
18:09 of 1st period - Shot by Jake Bean.
18:09 of 1st period - Shot Blocked by Josh Morrissey.
18:14 of 1st period - Ryan Donato is hit by Josh Morrissey and loses puck.
18:26 of 1st period - Icing by Josh Morrissey.
18:27 of 1st period - Steven Stamkos wins face-off versus Jack Hughes in FLORIDA Panthers zone.
18:43 of 1st period - Jack Hughes is hit by Ryan McDonagh and loses puck.
19:00 of 1st period - Shot by Kyle Okposo.
19:00 of 1st period - Shot Misses the Net.
19:02 of 1st period - Shot by Adam Boqvist.
19:02 of 1st period - Stopped by Darcy Kuemper without a rebound.
19:03 of 1st period - Ryan Donato wins face-off versus Vincent Trocheck in FLORIDA Panthers zone.
19:29 of 1st period - Shot by Chris Wideman.
19:29 of 1st period - Stopped by Darcy Kuemper without a rebound.
19:30 of 1st period - Adam Henrique wins face-off versus J.T. Compher in FLORIDA Panthers zone.
19:32 of 1st period - Icing by Jake Walman.
19:33 of 1st period - Adam Henrique wins face-off versus Jack Hughes in FLORIDA Panthers zone.
Goals for this period are 2 for FLORIDA Panthers vs 1 for NEW JERSEY Devils.
Shots for this period are 14 for FLORIDA Panthers vs 6 for NEW JERSEY Devils.

2nd period


0:01 of 2nd period - Steven Stamkos wins face-off versus Jack Hughes in neutral zone.
0:17 of 2nd period - Kyle Okposo is hit by Ryan McDonagh and loses puck.
0:28 of 2nd period - Shot by Kyle Okposo.
0:28 of 2nd period - Shot Misses the Net.
0:36 of 2nd period - Shot by Jack Hughes.
0:36 of 2nd period - Shot Misses the Net.
1:10 of 2nd period - Shot by Andreas Athanasiou.
1:10 of 2nd period - Shot Misses the Net.
1:49 of 2nd period - Icing by Ryan Graves.
1:50 of 2nd period - J.T. Compher wins face-off versus Adam Henrique in NEW JERSEY Devils zone.
2:18 of 2nd period - Shot by Eetu Luostarinen.
2:18 of 2nd period - Shot Misses the Net.
2:34 of 2nd period - Shot by Eetu Luostarinen.
2:34 of 2nd period - Stopped by Jake Allen without a rebound.
2:35 of 2nd period - Jack Hughes wins face-off versus Steven Stamkos in NEW JERSEY Devils zone.
3:13 of 2nd period - Bowen Byram is hit by Steven Stamkos.
4:05 of 2nd period - Icing by Yegor Sharangovich.
4:06 of 2nd period - Vincent Trocheck wins face-off versus Miles Wood in FLORIDA Panthers zone.
4:20 of 2nd period - Shot by Vincent Trocheck.
4:20 of 2nd period - Stopped by Jake Allen without a rebound.
4:21 of 2nd period - Jack Hughes wins face-off versus Brandon Saad in NEW JERSEY Devils zone.
4:23 of 2nd period - Minor Penalty to Eetu Luostarinen for Interference.
4:24 of 2nd period - Vincent Trocheck wins face-off versus Jack Hughes in FLORIDA Panthers zone.
6:21 of 2nd period - Shot by Ryan Graves.
6:21 of 2nd period - Shot Blocked by Adam Henrique.
6:31 of 2nd period - Miles Wood is hit by Eetu Luostarinen and loses puck.
6:44 of 2nd period - Shot by Brandon Saad.
6:44 of 2nd period - Stopped by Jake Allen without a rebound.
6:45 of 2nd period - Vincent Trocheck wins face-off versus J.T. Compher in NEW JERSEY Devils zone.
6:52 of 2nd period - Shot by Yegor Sharangovich.
6:52 of 2nd period - Shot Blocked by Jake Bean.
7:02 of 2nd period - Shot by Carter Verhaeghe.
7:02 of 2nd period - Shot Misses the Net.
7:04 of 2nd period - Shot by Carter Verhaeghe.
7:04 of 2nd period - Stopped by Jake Allen with a rebound.
7:06 of 2nd period - Shot by Ryan McDonagh.
7:06 of 2nd period - Shot Hit the Post.
7:08 of 2nd period - Shot by Josh Morrissey.
7:08 of 2nd period - Goal by Josh Morrissey - FLORIDA Panthers : 3 - NEW JERSEY Devils : 1.
7:09 of 2nd period - Adam Henrique wins face-off versus Gabriel Landeskog in neutral zone.
7:11 of 2nd period - Off-side.
7:12 of 2nd period - Jack Hughes wins face-off versus Steven Stamkos in neutral zone.
7:12 of 2nd period - Ryan Graves is hit by Matthew Tkachuk and loses puck.
7:21 of 2nd period - Shot by Brock Nelson.
7:21 of 2nd period - Stopped by Jake Allen without a rebound.
7:22 of 2nd period - Jack Hughes wins face-off versus Steven Stamkos in NEW JERSEY Devils zone.
7:24 of 2nd period - Minor Penalty to Matthew Tkachuk for Tripping.
7:25 of 2nd period - Vincent Trocheck wins face-off versus Jack Hughes in FLORIDA Panthers zone.
7:36 of 2nd period - Shot by Ryan Graves.
7:36 of 2nd period - Goal by Ryan Graves - FLORIDA Panthers : 3 - NEW JERSEY Devils : 2.
7:37 of 2nd period - Steven Stamkos wins face-off versus Oskar Lindblom in neutral zone.
7:42 of 2nd period - Shot by Matthew Tkachuk.
7:42 of 2nd period - Stopped by Jake Allen without a rebound.
7:43 of 2nd period - Steven Stamkos wins face-off versus Jack Hughes in NEW JERSEY Devils zone.
7:46 of 2nd period - Shot by Josh Morrissey.
7:46 of 2nd period - Stopped by Jake Allen without a rebound.
7:47 of 2nd period - Steven Stamkos wins face-off versus Jack Hughes in NEW JERSEY Devils zone.
8:07 of 2nd period - Josh Morrissey is hit by James van Riemsdyk and loses puck.
8:23 of 2nd period - Minor Penalty to Bowen Byram for Interference.
8:24 of 2nd period - Jack Hughes wins face-off versus Adam Henrique in NEW JERSEY Devils zone.
8:37 of 2nd period - Shot by Dougie Hamilton.
8:37 of 2nd period - Shot Misses the Net.
8:49 of 2nd period - Shot by James van Riemsdyk.
8:49 of 2nd period - Stopped by Darcy Kuemper without a rebound.
8:50 of 2nd period - Steven Stamkos wins face-off versus Jack Hughes in FLORIDA Panthers zone.
11:16 of 2nd period - Minor Penalty to Gabriel Landeskog for Cross-checking.
11:17 of 2nd period - Steven Stamkos wins face-off versus Kyle Okposo in NEW JERSEY Devils zone.
11:26 of 2nd period - Shot by Matthew Tkachuk.
11:26 of 2nd period - Shot Misses the Net.
11:47 of 2nd period - Off-side.
11:48 of 2nd period - Adam Henrique wins face-off versus Jack Hughes in neutral zone.
11:51 of 2nd period - Shot by Dougie Hamilton.
11:51 of 2nd period - Shot Misses the Net.
12:22 of 2nd period - Shot by Oskar Lindblom.
12:22 of 2nd period - Shot Misses the Net.
12:39 of 2nd period - Off-side.
12:40 of 2nd period - Steven Stamkos wins face-off versus Oskar Lindblom in neutral zone.
12:49 of 2nd period - Shot by Brady Skjei.
12:49 of 2nd period - Shot Hit the Post.
14:29 of 2nd period - Off-side.
14:30 of 2nd period - Steven Stamkos wins face-off versus Jack Hughes in neutral zone.
14:40 of 2nd period - Minor Penalty to Matthew Tkachuk for Tripping.
14:41 of 2nd period - Vincent Trocheck wins face-off versus Kyle Okposo in FLORIDA Panthers zone.
15:53 of 2nd period - Shot by Adam Boqvist.
15:53 of 2nd period - Stopped by Darcy Kuemper without a rebound.
15:54 of 2nd period - Vincent Trocheck wins face-off versus Oskar Lindblom in FLORIDA Panthers zone.
16:11 of 2nd period - Icing by Adam Boqvist.
16:12 of 2nd period - Oskar Lindblom wins face-off versus Vincent Trocheck in NEW JERSEY Devils zone.
16:20 of 2nd period - Shot by Andreas Athanasiou.
16:20 of 2nd period - Stopped by Darcy Kuemper without a rebound.
16:21 of 2nd period - Jack Hughes wins face-off versus Vincent Trocheck in FLORIDA Panthers zone.
16:30 of 2nd period - Shot by Ryan Graves.
16:30 of 2nd period - Stopped by Darcy Kuemper without a rebound.
16:31 of 2nd period - Brock Nelson wins face-off versus Jack Hughes in FLORIDA Panthers zone.
16:54 of 2nd period - Shot by Connor Brown.
16:54 of 2nd period - Stopped by Darcy Kuemper without a rebound.
16:55 of 2nd period - Jack Hughes wins face-off versus Vincent Trocheck in FLORIDA Panthers zone.
17:00 of 2nd period - Shot by Jack Hughes.
17:00 of 2nd period - Shot Misses the Net.
17:20 of 2nd period - Shot by Jack Hughes.
17:20 of 2nd period - Stopped by Darcy Kuemper with a rebound.
17:22 of 2nd period - Shot by Bowen Byram.
17:22 of 2nd period - Stopped by Darcy Kuemper without a rebound.
17:23 of 2nd period - Steven Stamkos wins face-off versus Ryan Donato in FLORIDA Panthers zone.
17:27 of 2nd period - Icing by Brock Nelson.
17:28 of 2nd period - Matthew Tkachuk wins face-off versus Ryan Donato in FLORIDA Panthers zone.
17:33 of 2nd period - Shot by Brock Nelson.
17:33 of 2nd period - Stopped by Jake Allen without a rebound.
17:34 of 2nd period - Steven Stamkos wins face-off versus Jack Hughes in NEW JERSEY Devils zone.
18:07 of 2nd period - Shot by Jack Hughes.
18:07 of 2nd period - Shot Misses the Net.
18:09 of 2nd period - Shot by Kyle Okposo.
18:09 of 2nd period - Deflect By Jack Hughes.
18:09 of 2nd period - Stopped by Darcy Kuemper without a rebound.
18:10 of 2nd period - Vincent Trocheck wins face-off versus Ryan Donato in FLORIDA Panthers zone.
19:38 of 2nd period - Off-side.
19:39 of 2nd period - Jack Hughes wins face-off versus Adam Henrique in neutral zone.
19:50 of 2nd period - Shot by Jack Hughes.
19:50 of 2nd period - Shot Blocked by Dougie Hamilton.
Goals for this period are 1 for FLORIDA Panthers vs 1 for NEW JERSEY Devils.
Shots for this period are 9 for FLORIDA Panthers vs 9 for NEW JERSEY Devils.

3rd period


0:01 of 3rd period - Steven Stamkos wins face-off versus Jack Hughes in neutral zone.
1:06 of 3rd period - Shot by Vincent Trocheck.
1:06 of 3rd period - Stopped by Jake Allen without a rebound.
1:07 of 3rd period - Adam Henrique wins face-off versus Andreas Athanasiou in NEW JERSEY Devils zone.
1:07 of 3rd period - Adam Henrique is hit by Chris Wideman.
1:13 of 3rd period - Shot by Brandon Saad.
1:13 of 3rd period - Stopped by Jake Allen without a rebound.
1:14 of 3rd period - Vincent Trocheck wins face-off versus J.T. Compher in NEW JERSEY Devils zone.
1:14 of 3rd period - Josh Morrissey is hit by Ryan Graves and loses puck.
1:54 of 3rd period - Shot by Vincent Trocheck.
1:54 of 3rd period - Shot Misses the Net.
2:17 of 3rd period - Matthew Tkachuk is hit by Chris Wideman and loses puck.
2:18 of 3rd period - Minor Penalty to Ryan Graves for Slashing.
2:19 of 3rd period - Adam Henrique wins face-off versus Jack Hughes in NEW JERSEY Devils zone.
2:22 of 3rd period - Shot by Brady Skjei.
2:22 of 3rd period - Shot Misses the Net.
2:28 of 3rd period - Shot by Vincent Trocheck.
2:28 of 3rd period - Stopped by Jake Allen without a rebound.
2:29 of 3rd period - Jack Hughes wins face-off versus Steven Stamkos in NEW JERSEY Devils zone.
2:29 of 3rd period - Jack Hughes is hit by Matthew Tkachuk.
4:15 of 3rd period - Alexander Petrovic is hit by Matthew Tkachuk and loses puck.
4:21 of 3rd period - Icing by Ryan Graves.
4:22 of 3rd period - Derek Grant wins face-off versus Andreas Athanasiou in NEW JERSEY Devils zone.
4:28 of 3rd period - Minor Penalty to Ryan Graves for Tripping.
4:29 of 3rd period - Jack Hughes wins face-off versus Adam Henrique in NEW JERSEY Devils zone.
4:29 of 3rd period - Jack Hughes is hit by Vincent Trocheck.
4:53 of 3rd period - Shot by James van Riemsdyk.
4:53 of 3rd period - Shot Blocked by Brady Skjei.
4:57 of 3rd period - Shot by James van Riemsdyk.
4:57 of 3rd period - Deflect By Oskar Lindblom.
4:57 of 3rd period - Stopped by Darcy Kuemper with a rebound.
5:26 of 3rd period - Shot by Connor Murphy.
5:26 of 3rd period - Stopped by Jake Allen without a rebound.
5:27 of 3rd period - Adam Henrique wins face-off versus Jack Hughes in NEW JERSEY Devils zone.
6:39 of 3rd period - Shot by Jordan Martinook.
6:39 of 3rd period - Stopped by Jake Allen with a rebound.
6:41 of 3rd period - Shot by Brady Skjei.
6:41 of 3rd period - Stopped by Jake Allen with a rebound.
6:43 of 3rd period - Shot by Ryan McDonagh.
6:43 of 3rd period - Shot Misses the Net.
6:45 of 3rd period - Shot by Ryan McDonagh.
6:45 of 3rd period - Stopped by Jake Allen without a rebound.
6:46 of 3rd period - Miles Wood wins face-off versus Adam Henrique in NEW JERSEY Devils zone.
7:33 of 3rd period - Minor Penalty to Matthew Tkachuk for Delaying the game.
7:34 of 3rd period - Vincent Trocheck wins face-off versus Jack Hughes in FLORIDA Panthers zone.
7:59 of 3rd period - Shot by Jack Hughes.
7:59 of 3rd period - Goal by Jack Hughes - FLORIDA Panthers : 3 - NEW JERSEY Devils : 3.
8:00 of 3rd period - Steven Stamkos wins face-off versus Ryan Donato in neutral zone.
8:31 of 3rd period - Shot by Matthew Tkachuk.
8:31 of 3rd period - Shot Misses the Net.
10:19 of 3rd period - Icing by Ryan McDonagh.
10:20 of 3rd period - J.T. Compher wins face-off versus Vincent Trocheck in FLORIDA Panthers zone.
10:49 of 3rd period - Shot by J.T. Compher.
10:49 of 3rd period - Shot Misses the Net.
11:02 of 3rd period - Off-side.
11:03 of 3rd period - Derek Grant wins face-off versus Ryan Donato in neutral zone.
11:30 of 3rd period - Shot by Ryan Donato.
11:30 of 3rd period - Stopped by Darcy Kuemper without a rebound.
11:31 of 3rd period - Miles Wood wins face-off versus Adam Henrique in FLORIDA Panthers zone.
11:40 of 3rd period - Shot by Miles Wood.
11:40 of 3rd period - Shot Misses the Net.
11:50 of 3rd period - Shot by Eetu Luostarinen.
11:50 of 3rd period - Shot Misses the Net.
11:52 of 3rd period - Shot by Brandon Saad.
11:52 of 3rd period - Shot Misses the Net.
11:54 of 3rd period - Shot by Ryan McDonagh.
11:54 of 3rd period - Shot Misses the Net.
11:59 of 3rd period - Adam Henrique is hit by Alexander Petrovic and loses puck.
12:41 of 3rd period - Bowen Byram is hit by Matthew Tkachuk and loses puck.
12:45 of 3rd period - Off-side.
12:46 of 3rd period - Carter Verhaeghe wins face-off versus J.T. Compher in neutral zone.
13:23 of 3rd period - Shot by Carter Verhaeghe.
13:23 of 3rd period - Shot Misses the Net.
13:29 of 3rd period - Shot by Brady Skjei.
13:29 of 3rd period - Shot Misses the Net.
13:55 of 3rd period - Shot by Brock Nelson.
13:55 of 3rd period - Deflect By Matthew Tkachuk.
13:55 of 3rd period - Shot Blocked by Chris Wideman.
14:04 of 3rd period - Icing by Chris Wideman.
14:05 of 3rd period - Adam Henrique wins face-off versus J.T. Compher in NEW JERSEY Devils zone.
14:18 of 3rd period - Shot by Brandon Saad.
14:18 of 3rd period - Shot Misses the Net.
14:20 of 3rd period - Shot by Jake Walman.
14:20 of 3rd period - Stopped by Jake Allen with a rebound.
14:22 of 3rd period - Shot by Eetu Luostarinen.
14:22 of 3rd period - Shot Misses the Net.
14:38 of 3rd period - Shot by Adam Henrique.
14:38 of 3rd period - Shot Blocked by Ryan Graves.
15:08 of 3rd period - Shot by Jack Hughes.
15:08 of 3rd period - Stopped by Darcy Kuemper without a rebound.
15:09 of 3rd period - Vincent Trocheck wins face-off versus Jack Hughes in FLORIDA Panthers zone.
15:09 of 3rd period - Vincent Trocheck is hit by Kyle Okposo.
15:20 of 3rd period - Shot by Connor Murphy.
15:20 of 3rd period - Stopped by Jake Allen without a rebound.
15:21 of 3rd period - Ryan Donato wins face-off versus Steven Stamkos in NEW JERSEY Devils zone.
15:30 of 3rd period - Shot by Ryan Donato.
15:30 of 3rd period - Stopped by Darcy Kuemper without a rebound.
15:31 of 3rd period - Vincent Trocheck wins face-off versus Jack Hughes in FLORIDA Panthers zone.
16:28 of 3rd period - Ryan Donato is hit by Vincent Trocheck and loses puck.
16:39 of 3rd period - Shot by Oskar Lindblom.
16:39 of 3rd period - Shot Blocked by Steven Stamkos.
16:41 of 3rd period - Shot by Ryan Donato.
16:41 of 3rd period - Stopped by Darcy Kuemper without a rebound.
16:42 of 3rd period - Gabriel Landeskog wins face-off versus Steven Stamkos in FLORIDA Panthers zone.
17:07 of 3rd period - Shot by Jake Bean.
17:07 of 3rd period - Stopped by Darcy Kuemper with a rebound.
17:18 of 3rd period - Off-side.
17:19 of 3rd period - Adam Henrique wins face-off versus Ryan Donato in neutral zone.
17:19 of 3rd period - Eetu Luostarinen is hit by Oskar Lindblom and loses puck.
17:40 of 3rd period - Shot by Ryan Donato.
17:40 of 3rd period - Shot Blocked by Jake Walman.
17:42 of 3rd period - Shot by Bowen Byram.
17:42 of 3rd period - Shot Misses the Net.
17:44 of 3rd period - Shot by Bowen Byram.
17:44 of 3rd period - Shot Misses the Net.
17:46 of 3rd period - Shot by Oskar Lindblom.
17:46 of 3rd period - Shot Misses the Net.
17:48 of 3rd period - Shot by Bowen Byram.
17:48 of 3rd period - Shot Misses the Net.
17:55 of 3rd period - Icing by Dougie Hamilton.
17:56 of 3rd period - Adam Henrique wins face-off versus Jack Hughes in FLORIDA Panthers zone.
18:12 of 3rd period - Shot by Brandon Saad.
18:12 of 3rd period - Stopped by Jake Allen without a rebound.
18:13 of 3rd period - Steven Stamkos wins face-off versus J.T. Compher in NEW JERSEY Devils zone.
18:14 of 3rd period - Shot by Matthew Tkachuk.
18:14 of 3rd period - Stopped by Jake Allen without a rebound.
18:15 of 3rd period - Steven Stamkos wins face-off versus Jack Hughes in NEW JERSEY Devils zone.
18:28 of 3rd period - Shot by Brock Nelson.
18:28 of 3rd period - Deflect By Matthew Tkachuk.
18:28 of 3rd period - Shot Misses the Net.
18:40 of 3rd period - Shot by Brock Nelson.
18:40 of 3rd period - Shot Blocked by Ryan Graves.
18:46 of 3rd period - Shot by Kyle Okposo.
18:46 of 3rd period - Deflect By Jack Hughes.
18:46 of 3rd period - Stopped by Darcy Kuemper without a rebound.
18:47 of 3rd period - Vincent Trocheck wins face-off versus Ryan Donato in FLORIDA Panthers zone.
19:52 of 3rd period - Shot by Jack Hughes.
19:52 of 3rd period - Stopped by Darcy Kuemper without a rebound.
19:53 of 3rd period - Steven Stamkos wins face-off versus J.T. Compher in FLORIDA Panthers zone.
19:53 of 3rd period - Steven Stamkos is hit by J.T. Compher.
Goals for this period are 0 for FLORIDA Panthers vs 1 for NEW JERSEY Devils.
Shots for this period are 11 for FLORIDA Panthers vs 9 for NEW JERSEY Devils.

Overtime #1


0:01 of 1st overtime period - Vincent Trocheck wins face-off versus J.T. Compher in neutral zone.
0:14 of 1st overtime period - Shot by Vincent Trocheck.
0:14 of 1st overtime period - Stopped by Jake Allen with a rebound.
0:38 of 1st overtime period - Shot by Brock Nelson.
0:38 of 1st overtime period - Shot Misses the Net.
0:40 of 1st overtime period - Shot by Vincent Trocheck.
0:40 of 1st overtime period - Shot Blocked by Adam Boqvist.
0:53 of 1st overtime period - Icing by Adam Boqvist.
0:54 of 1st overtime period - J.T. Compher wins face-off versus Brock Nelson in NEW JERSEY Devils zone.
2:04 of 1st overtime period - Icing by Adam Boqvist.
2:05 of 1st overtime period - J.T. Compher wins face-off versus Brock Nelson in NEW JERSEY Devils zone.
2:33 of 1st overtime period - Shot by Jack Hughes.
2:33 of 1st overtime period - Stopped by Darcy Kuemper without a rebound.
2:34 of 1st overtime period - J.T. Compher wins face-off versus Vincent Trocheck in FLORIDA Panthers zone.
2:59 of 1st overtime period - Shot by J.T. Compher.
2:59 of 1st overtime period - Stopped by Darcy Kuemper without a rebound.
3:00 of 1st overtime period - Andreas Athanasiou wins face-off versus Brock Nelson in FLORIDA Panthers zone.
3:01 of 1st overtime period - Shot by Jack Hughes.
3:01 of 1st overtime period - Deflect By Andreas Athanasiou.
3:01 of 1st overtime period - Stopped by Darcy Kuemper with a rebound.
3:07 of 1st overtime period - Shot by Andreas Athanasiou.
3:07 of 1st overtime period - Goal by Andreas Athanasiou - FLORIDA Panthers : 3 - NEW JERSEY Devils : 4.
Goals for this period are 0 for FLORIDA Panthers vs 1 for NEW JERSEY Devils.
Shots for this period are 1 for FLORIDA Panthers vs 4 for NEW JERSEY Devils. Output by the SimonT Hockey Simulator (STHS) for Martin Benoit - Original Page W3C HTML5 Valid
Hockey Simulator - Hockey Simulation - Hockey Manager